 Dungeon Crawl Stone Soup version 0.30-a0-1163-gf69bf04e7a (webtiles) character file.

Game seed: 5069105153079230340

181174 Jase the Severer (level 18, -7/169 (172) HPs)
             Began as a Hill Orc Fighter on Apr 27, 2023.
             Was a Follower of Uskayaw.
             Mangled by a redback simulacrum (25 damage)
             ... on level 3 of the Spider Nest on Apr 28, 2023.
             The game lasted 02:01:57 (39080 turns).

Jase the Severer (Hill Orc Fighter)                Turns: 39080, Time: 02:01:57

HP:   -7/169 (172)  AC: 26    Str: 34    XL:     18   Next: 29%
MP:   23/31         EV:  9    Int:  8    God:    Uskayaw [*.....]
Gold: 680           SH:  0    Dex: 13    Spells: 17/17 levels left

rFire   . . .        a - +10 broad axe of Vurch {elec, Will- Str+7}
rCold   . . .        (no shield)
rNeg    + . .        F - +0 plate armour
rPois   +            h - +0 helmet
rElec   .            r - +0 cloak
rCorr   +            N - +2 pair of gloves
SInv    .            i - +0 pair of boots
Will    .....        u - amulet of faith Stlth
                     l - ring of poison resistance
HPRegen 0.48/turn    S - ring "Histidd" {rN+ rCorr Dex+3}
MPRegen 0.22/turn

%: faith
@: studying 2 skills, lightly drained, invisible
A: no striking features
a: Renounce Religion, Stomp


You were on level 3 of the Spider Nest.
You worshipped Uskayaw.
Uskayaw was most pleased with you.
You visited 6 branches of the dungeon, and saw 29 of its levels.

You collected 3100 gold pieces.
You spent 2420 gold pieces at shops.

Inventory:

Hand Weapons
 a - the +10 broad axe of Vurch (weapon) {elec, Will- Str+7}
   (You bought it in a shop on level 8 of the Dungeon)

   Str:       It affects your strength (+7).
   Will:      It decreases your willpower.
 b - the +6 war axe "Lorof" {spect, rCorr}
   (You bought it in a shop on level 8 of the Dungeon)

   rCorr:     It protects you from acid and corrosion.
 c - a +3 longbow of flaming
Missiles
 x - 36 poisoned darts (quivered)
 C - 8 curare-tipped darts
 G - 38 boomerangs
 R - 4 throwing nets
Armour
 h - a +0 helmet (worn)
 i - a +0 pair of boots (worn)
 r - a +0 cloak (worn)
 F - a +0 plate armour (worn)
 N - a +2 pair of gloves (worn)
Jewellery
 l - a ring of poison resistance (left hand)
 o - a ring of willpower
 u - an amulet of faith (around neck)
 H - a +4 ring of slaying
 S - the ring "Histidd" (right hand) {rN+ rCorr Dex+3}
   (You found it on level 12 of the Dungeon)

   [ring of positive energy]

   Dex:       It affects your dexterity (+3).
   rN:        It protects you from negative energy.
   rCorr:     It protects you from acid and corrosion.
 U - a ring of protection from cold
 V - a ring of positive energy
 W - a ring of flight
Wands
 g - a wand of charming (10)
 t - a wand of flame (73)
 w - a wand of roots (13)
 D - a wand of digging (10)
 E - a wand of mindburst (34)
 J - a wand of acid (24)
 L - a wand of polymorph (9)
Scrolls
 d - 2 scrolls of fear
 m - 3 scrolls of teleportation
 n - 3 scrolls of silence
 p - a scroll of poison
 q - 7 scrolls of fog
 y - 3 scrolls of blinking
 z - 5 scrolls of enchant armour
 I - 4 scrolls of magic mapping
 K - 6 scrolls of identify
 P - a scroll of enchant weapon
 Y - a scroll of summoning
Potions
 f - 2 potions of heal wounds
 j - 12 potions of curing
 k - 3 potions of resistance
 v - a potion of magic
 A - 3 potions of might
 M - 3 potions of cancellation
 O - 2 potions of mutation
 Q - 2 potions of berserk rage
 T - a potion of haste
 X - 2 potions of flight
Miscellaneous
 B - a box of beasts


   Skills:
 + Level 18.1 Fighting
 - Level 1.5 Long Blades
 - Level 20.0 Axes
 + Level 11.0 Ranged Weapons
 + Level 16.6 Armour
 - Level 3.2 Shields
 + Level 18.7 Invocations
 + Level 8.4 Evocations


You had 17 spell levels left.
You didn't know any spells.
Your spell library contained the following spells:

 Spells                   Type           Power      Damage    Failure   Level
 Beastly Appendage        Tmut           0%         N/A       87%         1
 Sandblast                Erth           0%         2d4       87%         1
 Sting                    Tmut/Pois      0%         1d3       87%         1
 Summon Small Mammal      Summ           0%         N/A       87%         1
 Blink                    Tloc           0%         N/A       95%         2
 Cigotuvi's Dreadful Rot  Necr/Pois/Air  0%         N/A       95%         2
 Lesser Beckoning         Tloc           0%         N/A       95%         2
 Momentum Strike          Conj/Tloc      0%         3d8       95%         2
 Passwall                 Tmut/Erth      0%         N/A       95%         2
 Poisonous Vapours        Pois/Air       0%         N/A       95%         2
 Scorch                   Fire           0%         2d5       95%         2
 Static Discharge         Conj/Air       0%         2-2/arc   95%         2
 Wereblood                Tmut           0%         N/A       95%         2
 Call Canine Familiar     Summ           0%         N/A       99%         3
 Dazzling Flash           Conj/Hex       0%         N/A       99%         3
 Frozen Ramparts          Ice            0%         1d1       99%         3
 Gell's Gravitas          Tloc           0%         N/A       99%         3
 Hailstorm                Conj/Ice       0%         3d3       99%         3
 Ignite Poison            Fire/Tmut/Pois 0%         N/A       99%         3
 Inner Flame              Hex/Fire       0%         N/A       99%         3
 Portal Projectile        Hex/Tloc       0%         N/A       99%         3
 Spider Form              Tmut/Pois      0%         N/A       99%         3
 Stone Arrow              Conj/Erth      0%         3d7       99%         3
 Summon Guardian Golem    Hex/Summ       0%         N/A       99%         3
 Teleport Other           Tloc           0%         N/A       99%         3
 Tukima's Dance           Hex            0%         N/A       99%         3
 Volatile Blastmotes      Fire/Tloc      0%         2d10      99%         3
 Airstrike                Air            0%         2d(0-16)  100%        4
 Animate Armour           Summ/Erth      0%         N/A       100%        4
 Flame Wave               Conj/Fire      0%         2d4       100%        4
 Ice Form                 Ice/Tmut       0%         N/A       100%        4
 Iskenderun's Mystic Bla  Conj/Tloc      0%         2d3       100%        4
 Leda's Liquefaction      Hex/Erth       0%         N/A       100%        4
 Olgreb's Toxic Radiance  Pois           0%         N/A       100%        4
 Petrify                  Tmut/Erth      0%         N/A       100%        4
 Summon Ice Beast         Ice/Summ       0%         N/A       100%        4
 Summon Lightning Spire   Summ/Air       0%         N/A       100%        4
 Alistair's Intoxication  Tmut/Pois      0%         N/A       100%        5
 Blade Hands              Tmut           0%         N/A       100%        5
 Borgnjor's Vile Clutch   Necr/Erth      0%         N/A       100%        5
 Freezing Cloud           Conj/Ice/Air   0%         6-21      100%        5
 Metabolic Englaciation   Hex/Ice        0%         N/A       100%        5
 Summon Forest            Summ/Tloc      0%         N/A       100%        5
 Summon Mana Viper        Hex/Summ       0%         N/A       100%        5
 Yara's Violent Unravell  Hex/Tmut       0%         3d3       100%        5
 Eringya's Noxious Bog    Tmut/Pois      0%         N/A       100%        6
 Iron Shot                Conj/Erth      0%         9d1       100%        6
 Simulacrum               Ice/Necr       0%         N/A       100%        6
 Starburst                Conj/Fire      0%         6d3       100%        6
 Statue Form              Tmut/Erth      0%         N/A       100%        6
 Summon Cactus Giant      Summ           0%         N/A       100%        6
 Enfeeble                 Hex            0%         N/A       100%        7
 Monstrous Menagerie      Summ           0%         N/A       100%        7
 Borgnjor's Revivificati  Necr           0%         N/A       100%        8
 Necromutation            Tmut/Necr      0%         N/A       100%        8
 Death's Door             Necr           0%         N/A       100%        9


Dungeon Overview and Level Annotations

Branches:
Dungeon (15/15)            Temple (1/1) D:5            Lair (5/5) D:10
 Shoals (3/4) Lair:3       Spider (3/4) Lair:2        Slime (0/5) Lair:4
    Orc (2/2) D:12            Elf (0/3) Orc:2        Vaults (0/5) D:13
 Depths: D:15

Altars:
Ashenzari
Cheibriados
Dithmenos
Elyvilon
Fedhas
Gozag
Hepliaklqana
Kikubaaqudgha
Makhleb
Nemelex Xobeh
Okawaru
Qazlal
Ru
Sif Muna
Trog
Uskayaw
Vehumet
Wu Jian
Xom
Yredelemnul
Zin
The Shining One
Beogh

Shops:
D:8 (   D:14 **   Orc:1 ([(   Orc:2 [=[([   Shoals:1 [   Shoals:3 :

Annotations:
D:15 3 runed translucent doors, exclusion: obsidian statue, Tolur's ghost, adept DEFE
Orc:1 3 runed translucent doors, SirDiesAlot's ghost, journeyman FoEE


Message History

Unknown command.
Unknown command.
You slash the radroach simulacrum!
The radroach simulacrum is heavily damaged.
You strike the helpless redback from behind!
You slice the redback!!
The jumping spider's many legs skitter faintly. x2
You kill the redback! x2
You catch the helpless redback simulacrum completely off-guard!
You slash the redback simulacrum! You hit the orb spider simulacrum.
Lightning courses through the orb spider simulacrum!!
The orb spider simulacrum vaporises!
You slice the wolf spider simulacrum!!
Lightning courses through the wolf spider simulacrum!!
The wolf spider simulacrum vaporises!
A freezing mist starts to gather... x2 2 redback simulacra come into view.
The jumping spider's many legs skitter faintly.
The radroach simulacrum completely misses you.
The radroach simulacrum claws you but does no damage.
Unknown command.
Okay, then.
Unknown command.
You slash the radroach simulacrum!
The radroach simulacrum vaporises!
The jumping spider's many legs skitter faintly.
Unknown command.
Aiming: Grand Finale
Press: ? - help, Shift-Dir - straight line, f - redback simulacrum
Aim: a redback simulacrum (unable to see you)
The redback simulacrum explodes violently!!
The redback is hit by a flying piece of the redback simulacrum!
The redback simulacrum vaporises!
You can no longer merge with and destroy a victim.
The jumping spider's many legs skitter faintly.
The jumping spider is no longer sharing its pain.
The redback simulacrum bites you.
* * * LOW HITPOINT WARNING * * *
The redback simulacrum freezes you!!
You die...

####^.#..
####....#...
#..........^
#.........#
#.........##
##.^..).Z...#
#....ZsZs....
#..○.@°...#.
##.°.Z.......
############


You could see a jumping spider (wandering, soul bound, unable to see you), a
redback (wandering, unable to see you, pain bonded), 2 redback simulacra, a
torpor snail simulacrum (wandering, unable to see you) and a meliai simulacrum
(unable to see you).

Vanquished Creatures
  Saint Roka (Orc:2)
  A kraken (Shoals:1)
  A sphinx (D:14)
  Kirke (Lair:4)
  3 emperor scorpions (Spider:1)
  A frost giant (D:14)
  An orc warlord (Orc:1)
  A broodmother (Spider:1)
  Nessos (D:14)
  A spark wasp (Spider:1)
  3 merfolk impalers
  Josephine (Lair:5)
  2 jorogumos (Spider:1)
  A merfolk avatar (Shoals:1)
  4 entropy weavers
  6 hydras
  An ice dragon (D:14)
  2 catoblepae (Lair:5)
  12 boulder beetles
  6 merfolk aquamancers
  2 satyrs (Shoals:2)
  Erolcha (D:10)
  6 centaur warriors
  6 death yaks (Lair:5)
  Erica (D:8)
  4 two-headed ogres
  2 radroaches
  A deep troll earth mage (D:14)
  A tengu warrior (D:14)
  4 orc high priests
  A deep elf knight (D:14)
  Sonja (D:10)
  An iron troll (D:13)
  6 skysharks
  2 pharaoh ants
  14 skeletal warriors
  3 sun moths (Spider:1)
  4 sea snakes
  3 orb spiders
  3 phantasmal warriors
  3 deep elf pyromancers
  4 wolf spiders
  5 steelbarb worms
  10 harpies
  5 lindwurms
  4 orc knights
  10 ugly things
  5 orc sorcerers
  5 merfolk sirens
  5 oklob plants (Lair:4)
  4 cyclopes
  2 moths of wrath (Spider:1)
  25 elephants
  8 manticores
  2 fauns (Shoals:2)
  A black mamba (shapeshifter) (D:14)
  Maurice (D:10)
  5 black mambas
  A guardian serpent (shapeshifter) (D:14)
  17 cane toads
  A gargoyle (D:11)
  4 torpor snails
  4 water nymphs
  6 demonic crawlers
  A yaktaur (D:14)
  3 kobold demonologists (D:11)
  7 komodo dragons
  2 efreet
  5 rime drakes
  24 merfolk
  10 trolls
  2 polar bears
  A hornet (D:9)
  A meliai (shapeshifter) (D:14)
  6 meliai
  Prince Ribbit (D:5)
  9 tarantellas
  5 wind drakes
  7 snapping turtles
  12 dream sheep
  34 blink frogs
  12 slime creatures
  7 jumping spiders
  Sigmund (D:3)
  17 culicivoras
  2 shadows
  54 yaks
  A spriggan (shapeshifter) (D:14)
  7 water elementals
  10 wraiths
  4 wyverns
  4 basilisks
  2 hogs (Lair:4)
  31 redbacks
  2 steam dragons
  A harpy simulacrum (D:14)
  12 vampire mosquitoes
  4 wargs
  An acid dragon (D:10)
  20 water moccasins
  A sky beast (D:7)
  A black bear (shapeshifter) (D:14)
  46 orc warriors
  6 black bears
  11 ogres
  11 wolves
  12 centaurs
  3 phantoms
  7 kobold brigands
  12 bullfrogs
  5 scorpions
  6 gnoll sergeants
  11 wights
  7 electric eels (D:12)
  7 howler monkeys (D:9)
  A crimson imp (D:4)
  4 jellies
  6 hounds
  17 orc priests
  4 iguanas
  2 sleepcaps
  Ijyb (D:3)
  4 gnoll boudas
  Natasha (twice) (D:2)
  21 orc wizards
  6 hell rats (Lair:3)
  Robin (D:3)
  32 gnolls
  3 adders
  A shadow imp (D:8)
  3 white imps
  An ufetubus (D:5)
  3 worms
  3 dart slugs (D:1)
  90 orcs
  A bat (D:3)
  6 endoplasms
  5 giant cockroaches
  14 goblins
  8 hobgoblins
  2 jackals (D:2)
  4 ball pythons
  2 frilled lizards (D:1)
  19 kobolds
  11 rats
  4 tentacles (Shoals:1)
1002 creatures vanquished.

Vanquished Creatures (others)
  A slime creature (D:14)
  A human (Lair:4)
  2 orcs
  A bush (Lair:4)
  73 fungi
  137 plants
  A spectral weapon (Lair:4)
216 creatures vanquished.

Grand Total: 1218 creatures vanquished

Notes
Turn   | Place    | Note
-------+----------+-------------------------------------------
     0 | D:1      | Jase the Hill Orc Fighter began the quest for the Orb.
     0 | D:1      | Reached XP level 1. HP: 19/19 MP: 1/1
    29 | D:1      | Found a faded altar of an unknown god.
   142 | D:1      | Reached skill level 3 in Axes
   154 | D:1      | Reached XP level 2. HP: 27/27 MP: 2/2
   511 | D:1      | Reached XP level 3. HP: 29/33 MP: 3/3
  1316 | D:2      | Reached skill level 4 in Axes
  1348 | D:2      | Reached XP level 4. HP: 27/41 MP: 4/4
  1695 | D:2      | Noticed Natasha
  1703 | D:2      | Killed Natasha
  1951 | D:2      | Noticed Natasha
  1956 | D:2      | Killed Natasha
  1957 | D:2      | Reached skill level 5 in Axes
  1957 | D:2      | Reached XP level 5. HP: 39/47 MP: 5/5
  2116 | D:3      | Noticed Robin
  2116 | D:3      | Noticed an ogre
  2120 | D:3      | Noticed Ijyb
  2139 | D:3      | Killed Ijyb
  2148 | D:3      | Killed Robin
  2149 | D:3      | Reached skill level 5 in Fighting
  2150 | D:3      | Killed an ogre
  2151 | D:3      | Reached skill level 6 in Axes
  2151 | D:3      | Reached XP level 6. HP: 18/56 MP: 6/6
  2710 | D:3      | Noticed Sigmund
  2722 | D:3      | Killed Sigmund
  2723 | D:3      | Reached skill level 7 in Axes
  2723 | D:3      | Reached skill level 5 in Armour
  2723 | D:3      | Reached XP level 7. HP: 38/62 MP: 7/7
  3690 | D:4      | Found a burning altar of Makhleb.
  3690 | D:4      | Found a shimmering altar of Xom.
  3705 | D:4      | Reached skill level 8 in Axes
  4502 | D:5      | Entered Level 5 of the Dungeon
  4521 | D:5      | Reached XP level 8. HP: 64/71 MP: 8/8
  4563 | D:5      | Noticed Prince Ribbit
  4664 | D:5      | Reached skill level 9 in Axes
  4920 | D:5      | Found a staircase to the Ecumenical Temple.
  5061 | D:5      | Killed Prince Ribbit
  5062 | D:5      | Reached skill level 10 in Axes
  5464 | D:5      | Reached XP level 9. HP: 51/80 MP: 9/9
  5614 | Temple   | Entered the Ecumenical Temple
  5684 | Temple   | Became a worshipper of Uskayaw the Reveller
  5880 | D:5      | Reached * piety under Uskayaw
  5888 | D:5      | Reached ** piety under Uskayaw
  5893 | D:5      | Reached *** piety under Uskayaw
  5894 | D:5      | Reached **** piety under Uskayaw
  6136 | D:5      | Reached skill level 11 in Axes
  6136 | D:5      | Reached skill level 1 in Invocations
  6542 | D:6      | Found a sacrificial altar of Ru.
  6564 | D:6      | Found a bloodstained altar of Trog.
  6865 | D:6      | Noticed a troll
  6887 | D:6      | Killed a troll
  8207 | D:7      | Reached skill level 12 in Axes
  8822 | D:7      | Found a blossoming altar of Fedhas.
  8824 | D:7      | Found an ornate altar of the Wu Jian Council.
  8828 | D:7      | Found a shimmering blue altar of Sif Muna.
  8828 | D:7      | Found a hazy altar of Hepliaklqana.
  8829 | D:7      | Found a glowing golden altar of the Shining One.
  8831 | D:7      | Found a glowing silver altar of Zin.
  8832 | D:7      | Found a shadowy altar of Dithmenos.
  8888 | D:7      | Reached XP level 10. HP: 90/90 MP: 13/13
  9444 | D:8      | Found Kyod's Antique Weapon Emporium.
  9451 | D:8      | Bought a dazzling broad axe for 216 gold pieces
  9451 | D:8      | Identified the +10 broad axe of Vurch {elec, Will- Str+7}
                  | (You bought it in a shop on level 8 of the Dungeon)
  9544 | D:8      | Bought an ichor-stained war axe for 204 gold pieces
  9544 | D:8      | Identified the +6 war axe "Lorof" {spect, rCorr} (You
                  | bought it in a shop on level 8 of the Dungeon)
  9834 | D:8      | Reached skill level 5 in Invocations
  9838 | D:8      | Reached ***** piety under Uskayaw
  9873 | D:8      | Reached skill level 13 in Axes
  9879 | D:8      | Reached skill level 1 in Ranged Weapons
  9961 | D:8      | Noticed Erica
  9969 | D:8      | Killed Erica
 10786 | D:9      | Reached skill level 14 in Axes
 10787 | D:9      | Reached XP level 11. HP: 99/99 MP: 15/15
 10977 | D:9      | Reached skill level 10 in Fighting
 11182 | D:10     | Entered Level 10 of the Dungeon
 11406 | D:10     | You fall into a shaft and drop 3 floors!
 11431 | D:13     | Noticed a cyclops
 11457 | D:13     | Killed a cyclops
 11588 | D:13     | Noticed a centaur warrior
 11589 | D:13     | Noticed an iron troll
 11604 | D:13     | Killed a centaur warrior
 11605 | D:13     | Reached skill level 15 in Axes
 11615 | D:13     | Killed an iron troll
 11618 | D:13     | Noticed a centaur warrior
 11621 | D:13     | Reached ****** piety under Uskayaw
 11625 | D:13     | HP: 4/101 [centaur warrior/arrow (16)]
 11625 | D:13     | HP: 1/101 [centaur warrior (3)]
 11627 | D:13     | Killed a centaur warrior
 11811 | D:13     | Noticed a lindwurm
 11825 | D:13     | Killed a lindwurm
 11891 | D:11     | Noticed a boulder beetle
 11909 | D:11     | Killed a boulder beetle
 11967 | D:11     | Noticed a centaur warrior
 11970 | D:11     | Killed a centaur warrior
 11971 | D:11     | Reached XP level 12. HP: 100/108 MP: 18/18
 12032 | D:11     | Noticed a boulder beetle
 12042 | D:11     | Killed a boulder beetle
 12043 | D:11     | Reached skill level 10 in Armour
 12065 | D:11     | Noticed a two-headed ogre
 12067 | D:11     | Killed a two-headed ogre
 12126 | D:10     | Reached skill level 16 in Axes
 12147 | D:10     | Noticed Maurice
 12151 | D:10     | Reached skill level 5 in Ranged Weapons
 12152 | D:10     | Found a staircase to the Lair.
 12157 | D:10     | Killed Maurice
 12224 | D:10     | Noticed Sonja
 12230 | D:10     | Killed Sonja
 12661 | D:10     | Noticed Erolcha
 12687 | D:10     | Killed Erolcha
 13144 | D:11     | Noticed a two-headed ogre
 13151 | D:11     | Killed a two-headed ogre
 13152 | D:11     | Reached skill level 10 in Invocations
 13452 | D:11     | Reached XP level 13. HP: 68/118 MP: 20/20
 13911 | Lair:1   | Entered Level 1 of the Lair of Beasts
 15401 | Lair:2   | Reached skill level 17 in Axes
 15794 | Lair:2   | Found a hole to the Spider Nest.
 16503 | Lair:3   | Found a staircase to the Shoals.
 17399 | Lair:4   | Noticed Kirke
 17653 | D:12     | Reached XP level 14. HP: 127/129 MP: 23/23
 17693 | D:12     | Reached skill level 18 in Axes
 18237 | D:12     | Found a staircase to the Orcish Mines.
 18578 | D:12     | Identified the ring "Histidd" {rN+ rCorr Dex+3}
 20127 | D:13     | Found a gate to the Vaults.
 20248 | Orc:1    | Entered Level 1 of the Orcish Mines
 20248 | Orc:1    | Noticed an orc warlord
 20255 | Orc:1    | Killed an orc warlord
 20256 | Orc:1    | Reached skill level 1 in Long Blades
 20574 | Orc:1    | Found Hiongyrphont's Armour Shoppe.
 20581 | Orc:1    | Reached skill level 19 in Axes
 20631 | Orc:1    | Noticed SirDiesAlot's ghost (journeyman FoEE)
 20702 | Orc:1    | Found a runed translucent gate.
 20703 | Orc:1    | Found a runed translucent gate.
 20707 | Orc:1    | Found a runed translucent gate.
 21040 | Orc:1    | Found Qitexu's Antique Weapon Emporium.
 21042 | Orc:1    | You fall into a shaft and drop 1 floor!
 21042 | Orc:2    | Entered Level 2 of the Orcish Mines
 21042 | Orc:2    | Found a staircase to the Elven Halls.
 21112 | Orc:2    | Found Xaattem's Armour Boutique.
 21229 | Orc:1    | Found Tuceph's Antique Weapon Shoppe.
 21561 | Orc:2    | Found a roughly hewn altar of Beogh.
 21684 | Orc:2    | Found a roughly hewn altar of Beogh.
 21694 | Orc:2    | Found Panuter's Jewellery Shoppe.
 21922 | Orc:2    | Found a roughly hewn altar of Beogh.
 21945 | Orc:2    | Found Duejaff's Antique Armour Boutique.
 21954 | Orc:2    | Bought a shimmering chain mail for 313 gold pieces
 21954 | Orc:2    | Identified the +3 chain mail "Fergho" {*Corrode rN+ Regen+}
                  | (You bought it in a shop on level 2 of the Orcish Mines)
 21955 | Orc:2    | Bought a pair of runed gloves for 247 gold pieces
 22052 | Orc:2    | Found a roughly hewn altar of Beogh.
 22132 | Orc:2    | Found a roughly hewn altar of Beogh.
 22167 | Orc:2    | Found a roughly hewn altar of Beogh.
 22426 | Orc:2    | Noticed Saint Roka
 23218 | Lair:4   | Reached XP level 15. HP: 124/139 MP: 25/25
 23282 | Lair:4   | Killed Kirke
 23475 | Lair:4   | Reached skill level 20 in Axes
 23795 | Lair:4   | Found a staircase to the Slime Pits.
 23804 | Lair:4   | Reached skill level 15 in Fighting
 24170 | Lair:4   | Identified the +0 demon trident of Hacking and Slashing
                  | {flame, Dex+2}
 24617 | Lair:5   | Entered Level 5 of the Lair of Beasts
 25002 | Lair:5   | Reached skill level 1 in Evocations
 25056 | Lair:5   | Reached skill level 15 in Invocations
 25639 | Lair:5   | Reached XP level 16. HP: 149/150 MP: 27/27
 25699 | Lair:5   | Noticed Josephine
 25733 | Lair:5   | Killed Josephine
 26819 | D:14     | Found Cutraysk's Specific Store.
 26835 | D:14     | Found Oxtuical's General Store.
 26837 | D:14     | Noticed Nessos
 26865 | D:14     | Killed Nessos
 27508 | D:14     | Found the +4 robe of Folly {Brill Will-∞ Int+8}
 27513 | D:14     | Noticed a sphinx
 27519 | D:14     | Killed a sphinx
 28163 | D:15     | Entered Level 15 of the Dungeon
 28175 | D:14     | Reached skill level 15 in Armour
 28513 | D:15     | Found a runed translucent gate.
 28513 | D:15     | Found a runed translucent gate.
 28513 | D:15     | Found a runed translucent gate.
 28515 | D:15     | Found an opulent altar of Gozag.
 28515 | D:15     | Noticed a sphinx
 28516 | D:15     | Noticed Tolur's ghost (adept DEFE)
 28564 | D:15     | Reached skill level 5 in Evocations
 28997 | Orc:2    | Found Kuubb's Antique Weapon Shoppe.
 29000 | Orc:2    | Found a roughly hewn altar of Beogh.
 29003 | Orc:2    | Found Qeuke's Antique Armour Emporium.
 29029 | Orc:2    | Killed Saint Roka
 29415 | Shoals:1 | Entered Level 1 of the Shoals
 29897 | Shoals:1 | Reached XP level 17. HP: 121/160 MP: 29/29
 30377 | Shoals:1 | Noticed a kraken
 30384 | Shoals:1 | Killed a kraken
 31266 | Shoals:1 | Found Deaqylec's Antique Armour Emporium.
 32956 | Shoals:2 | Reached skill level 10 in Ranged Weapons
 34407 | Shoals:3 | Found Ysuomo Geong's Vocational Training.
 34882 | Spider:1 | Entered Level 1 of the Spider Nest
 35234 | Shoals:3 | Bought a manual of Invocations for 1440 gold pieces
 37106 | Spider:1 | Reached XP level 18. HP: 107/171 MP: 29/31
 37534 | Spider:1 | Identified the +0 robe "Kiocsebb" {Str-2 Int+3}
 37646 | Spider:1 | Upgraded the game from 0.30-a0-1161-g0704695555 to
                  | 0.30-a0-1163-gf69bf04e7a
 38138 | Spider:2 | You fall into a shaft and drop 1 floor!
 38567 | Spider:2 | Identified a scroll of acquirement
 38573 | Spider:1 | Acquired 530 gold pieces
 39069 | Spider:3 | HP: 5/164 [pharaoh ant (10)]
 39073 | Spider:3 | HP: 2/162 [tarantella (4)]
 39080 | Spider:3 | Mangled by a redback simulacrum

Illustrated notes

Levels and vault maps discovered:
D:1:      minmay_arrival_five_plusses, layout_basic,
          hellmonk_ecumenical_altar_blasted, st_stairs_14, chequers_arboretum
D:2:      layout_loops_ring, uniq_natasha
D:3:      layout_loops_ring, nicolae_goblin_pals, uniq_robin, uniq_ijyb,
          uniq_sigmund
D:4:      layout_basic, grunt_temple_overflow_champion_of_chaos
D:5:      layout_gridville, minmay_temple_entry_statues_fountains,
          uniq_prince_ribbit1
D:6:      layout_layer_cave, grunt_temple_overflow_open
D:7:      layout_cave_pods, minitemple
D:8:      layout_basic, serial_shops, nicolae_shop_rolling_square,
          minmay_strange_pillars, minmay_manual_mess, uniq_erica
D:9:      layout_roguey
D:10:     layout_roguey, due_lair_maze_entry_diamond, uniq_sonja, uniq_erolcha,
          uniq_maurice
D:11:     layout_loops_corners
D:12:     layout_basic, kennysheep_orc_monster_closet_entryway,
          gauntlet_entry_generic, minivault_23, kennysheep_generic_room_9
D:13:     nicolae_cairo_tiling_large, layout_long_grid, david_vaults_4
D:14:     cheibrodos_leafed_vault, layout_stronghold,
          chequers_serial_rivers_room_a, nicolae_specific_store, uniq_nessos
D:15:     hangedman_depths_entry_try_elsewhere_first, layout_small_grid,
          roderic_serpentine_path, ebering_ghost_gozag,
          ebering_dispersal_statue_hall
Temple:   grunt_temple_mini_profane
Lair:1:   layout_cave_pods, beast_lair_carwin_3, grunt_megastairs_5
Lair:2:   layout_regular_city, spider_nest_entry_funnel_web, grunt_megastairs_2
Lair:3:   layout_hall_layers, elwin_shoals_entry_rocks, beast_lair_carwin_1
Lair:4:   layout_small_grid, minmay_slime_entry_oklob_enclosed, uniq_kirke
Lair:5:   hangedman_lair_in_review, layout_long_grid, uniq_josephine
Shoals:1: layout_shoals, serial_shops, nicolae_shop_overgrown_old_shop,
          nicolae_shoals_water_shrine
Shoals:2: layout_shoals, ldierk_geyser, nicolae_shoals_so_close
Shoals:3: layout_shoals, nicolae_shop_vocational
Spider:1: nicolae_spider_hilbert_zone_4 [nicolae_spider_hilbert_4_sides_2_open,
          nicolae_spider_hilbert_4_sides_1_open,
          nicolae_spider_hilbert_4_sides_1_open,
          nicolae_spider_hilbert_4_sides_1_open,
          nicolae_spider_hilbert_4_sides_1_open,
          nicolae_spider_hilbert_2_sides_1_open,
          nicolae_spider_hilbert_2_sides_1_open,
          nicolae_spider_hilbert_2_sides_1_open,
          nicolae_spider_hilbert_2_sides_1_open,
          nicolae_spider_hilbert_6_sides_1_open,
          nicolae_spider_hilbert_6_sides_1_open,
          nicolae_spider_hilbert_3_sides_1_open,
          nicolae_spider_hilbert_3_sides_1_open], hellmonk_motheaten_closet
Spider:2: layout_spider_delve, nicolae_spider_rock_and_or_roll
Spider:3: layout_spider_delve, nicolae_spider_solar_radiation
Orc:1:    layout_caves, serial_shops, nicolae_shop_pleasant_corner_grove, shop,
          nicolae_shop_peninsula, gammafunk_ghost_split
Orc:2:    grunt_orc_community_town_hall, layout_caves,
          grunt_orc_community_big_house_1, grunt_orc_community_big_house_2,
          grunt_orc_community_house_2, grunt_orc_community_house_2,
          grunt_orc_community_house_2, grunt_orc_community_house_2,
          grunt_orc_community_house_3, grunt_orc_community_house_1,
          serial_shops, shop

Skill      XL: |  1  2  3  4  5  6  7  8  9 10 11 12 13 14 15 16 17 18 |
---------------+-------------------------------------------------------+-----
Axes           | 3 4 5 6 7 8 10 12 14 15 16 17 19 20 | 20.0
Fighting       | 4 5 6 7 8 9 10 12 13 14 15 16 17 18 | 18.1
Armour         | 4 5 6 7 8 9 11 12 13 14 15 16 | 16.6
Invocations    | 4 6 8 10 12 13 15 16 18 | 18.7
Ranged Weapons | 2 4 6 7 8 9 10 11 | 11.0
Long Blades    | 1 |  1.5
Evocations     | 2 5 7 8 |  8.4
Shields        | |  3.2

Action                     |  1- 3 |  4- 6 |  7- 9 | 10-12 | 13-15 | 16-18 || total
---------------------------+-------+-------+-------+-------+-------+-------++-------
  Melee: War axe           |   128 |   109 |   341 |    28 |    25 |    13 ||   644
         Punch             |       |     2 |     4 |     5 |     9 |    10 ||    30
         Broad axe         |       |       |       |   268 |   661 |   780 ||  1709
         Hand axe          |       |       |       |       |    20 |     7 ||    27
   Fire: Longbow           |       |       |       |       |       |     8 ||     8
 Invoke: Line Pass         |       |       |     1 |       |       |       ||     1
         Grand Finale      |       |       |       |       |     4 |     2 ||     6
  Evoke: Wand              |       |       |       |     1 |     3 |     9 ||    13
         Box of beasts     |       |       |       |       |     2 |       ||     2
    Use: Potion            |       |     1 |     2 |     3 |     3 |     9 ||    18
         Scroll            |       |       |       |    13 |    15 |     5 ||    33
   Stab: Paralysed         |       |       |    10 |    30 |   106 |   117 ||   263
         Invisible         |       |       |       |     1 |       |     5 ||     6
         Petrified         |       |       |       |       |     4 |       ||     4
         Distracted        |       |       |       |       |     1 |     2 ||     3
 Armour: Scale mail        |    75 |    50 |    26 |       |       |       ||   151
         Chain mail        |       |       |   108 |       |       |       ||   108
         Plate armour      |       |       |    28 |   199 |   275 |   540 ||  1042
  Dodge: Dodged            |    61 |    39 |   130 |    99 |   200 |   295 ||   824

Table legend: (Time is in decaauts)
 A = Elapsed time spent in this place.
 B = Non-inter-level travel time spent in this place.
 C = Inter-level travel time spent in this place.
 D = Time resting spent in this place.
 E = Time spent auto-exploring this place.
 F = Levels seen in this place.
 G = Mean time per level.
                   A        B        C        D        E       F      G
               +--------+--------+--------+--------+--------+-----+--------+
         Total |  38740 |  36073 |   2667 |  11399 |  17922 |  29 | 1335.9 |
       Dungeon |  19483 |  18153 |   1330 |   4626 |  10189 |  15 | 1298.9 |
        Temple |    221 |    196 |     25 |      0 |    172 |   1 |  221.0 |
          Lair |   7041 |   6298 |    743 |   1777 |   3446 |   5 | 1408.2 |
        Shoals |   5423 |   5177 |    246 |   2723 |   1600 |   3 | 1807.7 |
   Spider Nest |   3537 |   3329 |    208 |   1301 |   1368 |   3 | 1179.0 |
  Orcish Mines |   3033 |   2919 |    114 |    971 |   1145 |   2 | 1516.5 |
               +--------+--------+--------+--------+--------+-----+--------+

Top non-repeatable levels by time:
Shoals:1: 2357 daAuts
Spider:1: 2143 daAuts
    D:12: 1999 daAuts
    D:14: 1979 daAuts
     D:4: 1878 daAuts
   Orc:2: 1769 daAuts
  Lair:5: 1707 daAuts
Shoals:3: 1555 daAuts
     D:6: 1538 daAuts
Shoals:2: 1511 daAuts
  Lair:2: 1501 daAuts
     D:5: 1484 daAuts
    D:13: 1468 daAuts
  Lair:4: 1454 daAuts
  Lair:1: 1343 daAuts
